 Dungeon Crawl Stone Soup version 0.31-a0-845-g9abc20d24f (webtiles) character file.

Game seed: 12473077911470270117

1513 BinkBink the Stinger (level 8, -2/36 HPs)
             Began as a Spriggan Venom Mage on Oct 2, 2023.
             Killed from afar by a white imp (9 damage)
             ... with a puff of frost
             ... on level 6 of the Dungeon.
             The game lasted 00:15:58 (7546 turns).

BinkBink the Stinger (Spriggan Venom Mage)          Turns: 7546, Time: 00:16:00

Health: -2/36      AC:  2    Str:  4    XL:     8   Next: 53%
Magic:  19/19      EV: 17    Int: 18    God:
Gold:   157        SH:  0    Dex: 16    Spells: 13/20 levels left

rFire   . . .        m - +1 dagger (venom)
rCold   . . .        (no shield)
rNeg    . . .        a - +0 robe
rPois   .            (helmet restricted)
rElec   .            (no cloak)
rCorr   .            (gloves unavailable)
SInv    +            (boots unavailable)
Will    +....        (no amulet)
Stlth   ++           (no ring)
HPRegen 0.26/turn    (no ring)
MPRegen 0.16/turn

%: no passive effects
@: very quick
A: very small, no large weapons, unfitting armour, see invisible, speed 3
a: no special abilities


You were on level 6 of the Dungeon.
You visited 1 branch of the dungeon, and saw 6 of its levels.

You collected 157 gold pieces.

Inventory:

Hand Weapons
 m - a +1 dagger of venom (weapon)
Missiles
 h - 2 throwing nets
Armour
 a - a +0 robe (worn)
Wands
 k - a wand of iceblast (8)
Scrolls
 c - 3 scrolls of identify {unknown}
 d - 7 scrolls of teleportation {unknown}
 o - a scroll of fear {unknown}
 q - a scroll of noise {unknown}
 s - a scroll of butterflies {unknown}
Potions
 b - a potion of magic
 e - 6 potions of heal wounds
 f - a potion of degeneration {unknown}
 g - a potion of berserk rage {unknown}
 i - 2 potions of mutation {unknown}
 j - a potion of invisibility {unknown}
 l - a potion of resistance {unknown}
 n - a potion of enlightenment {unknown}
 p - a potion of ambrosia {unknown}
 r - a potion of brilliance {unknown}


   Skills:
 - Level 2.6 Dodging
 - Level 3.0 Stealth
 + Level 6.9 Spellcasting
 + Level 7.0 Transmutations
 + Level 3.2 Air Magic
 + Level 7.2 Poison Magic


You had 13 spell levels left.
You knew the following spells:

 Your Spells              Type           Power      Damage    Failure   Level
a - Sting                 Tmut/Pois      100%       1d8       1%          1
b - Poisonous Vapours     Pois/Air       50%        N/A       1%          2
c - Olgreb's Toxic Radia  Pois           32%        N/A       5%          4

Your spell library contained the following spells:

 Spells                   Type           Power      Damage    Failure   Level
 Mephitic Cloud           Conj/Pois/Air  18%        N/A       8%          3
 Apportation              Tloc           12%        N/A       11%         1
 Necrotise                Necr           24%        1d5       11%         1
 Summon Small Mammal      Summ           24%        N/A       11%         1
 Inner Flame              Hex/Fire       6%         N/A       32%         3
 Yara's Violent Unravell  Hex/Tmut       9%         3d6       56%         5
 Enfeeble                 Hex            3%         N/A       100%        7


Dungeon Overview and Level Annotations

Branches:
Dungeon (6/15)
 Temple: D:4-7

Altars:
Ashenzari
Fedhas
Makhleb
Ru
Vehumet

Shops:
D:4 *


Innate Abilities, Weirdness & Mutations

You are very small and have problems with some larger weapons.
You are too small for most types of armour.
You have supernaturally acute eyesight. (SInv)
You cover ground extremely quickly. (Speed+++)


Message History

A white imp comes into view.
Found a burning altar of Makhleb.
The white imp shouts, "Get thee hence, thou puny ill-nurtured skainsmate!"
You can't see any susceptible monsters within range! (Use Z to cast anyway.)
Found a whip.
You start waiting.
A white imp is nearby!
A white imp is nearby!
You start waiting.
A white imp is nearby!
The white imp hits you but does no damage.
You hit the white imp but do no damage.
The white imp is poisoned.
The white imp closely misses you.
You closely miss the white imp. The white imp gestures at you.
The puff of frost misses you.
You closely miss the white imp. The white imp gestures at you.
The puff of frost hits you!
You completely miss the white imp.
The white imp is lightly wounded.
The white imp gestures at you. The puff of frost hits you!
You closely miss the white imp.
The white imp is lightly wounded.
The white imp disappears for a moment.
The white imp barely misses you.
You hit the white imp but do no damage.
The white imp is lightly wounded.
The white imp hits you. The white imp freezes you.
You closely miss the white imp.
The white imp is moderately wounded.
The white imp misses you.
You hit the white imp but do no damage.
The white imp is moderately wounded.
The white imp hits you. The white imp freezes you.
* * * LOW HITPOINT WARNING * * *
The white imp gestures at you. The puff of frost hits you!
You die...

#....#......#####.###.#
....##..............#.##
.#.....................#
.....##................#
..#.##..........##.#...#
.##.#........##.####...#
.#..##.........## #..##
....##..........#######
....###.........@#....##
##.## #............5...##
#...## ...........##....#
.....##....##..._.##_.......
...5..#.... ##.#####......#.
####...... #.#######...... #
.#... ... ### ...... #..
##[........ _# ._ ....5.
...# .......... .5 ..#.#


You could see a white imp (poisoned).

Vanquished Creatures
  Grinder (D:5)
  An ice beast (D:5)
  2 black bears
  2 ogres (D:5)
  A bullfrog (D:6)
  A scorpion (D:5)
  3 hounds
  A jelly (D:5)
  4 orc priests
  A gnoll bouda (D:5)
  2 iguanas
  A sleepcap (D:6)
  5 orc wizards (D:4)
  12 gnolls
  10 adders
  A white imp (D:6)
  An ufetubus (D:6)
  A dart slug (D:4)
  9 orcs
  5 bats
  3 endoplasms
  4 giant cockroaches
  5 goblins
  4 hobgoblins
  9 jackals (D:2)
  4 quokkas
  9 ball pythons
  6 frilled lizards
  3 kobolds
  10 rats
121 creatures vanquished.

Notes
Turn   | Place    | Note
-------+----------+-------------------------------------------
     0 | D:1      | BinkBink the Spriggan Venom Mage began the quest for the
                  | Orb.
     0 | D:1      | Reached XP level 1. HP: 9/9 MP: 5/5
   298 | D:1      | Reached XP level 2. HP: 13/13 MP: 4/6
  1168 | D:2      | Reached XP level 3. HP: 16/16 MP: 0/8
  1833 | D:2      | Found a faded altar of an unknown god.
  1908 | D:2      | Reached XP level 4. HP: 21/21 MP: 8/10
  2805 | D:2      | Learned a level 2 spell: Poisonous Vapours
  3166 | D:3      | Identified the +12 dagger "Piseohof" {heavy, Fragile rF+
                  | rN+ Will+}
  3582 | D:4      | Reached XP level 5. HP: 24/24 MP: 9/11
  3816 | D:4      | Noticed a black bear
  3834 | D:4      | Killed a black bear
  3835 | D:4      | Reached skill level 5 in Poison Magic
  3887 | D:4      | Reached XP level 6. HP: 27/28 MP: 1/13
  4643 | D:4      | Reached skill level 5 in Spellcasting
  4737 | D:4      | Found Rocweris's Fire Supplies.
  4918 | D:4      | Reached XP level 7. HP: 29/32 MP: 9/15
  5068 | D:5      | Entered Level 5 of the Dungeon
  5098 | D:5      | Found a broken altar of Ashenzari.
  5105 | D:5      | Reached skill level 5 in Transmutations
  5140 | D:5      | Reached skill level 1 in Air Magic
  5343 | D:5      | Noticed Grinder
  5403 | D:5      | Killed Grinder
  5497 | D:5      | Reached XP level 8. HP: 33/36 MP: 12/18
  6999 | D:5      | Learned a level 4 spell: Olgreb's Toxic Radiance
  7490 | D:6      | Found a blossoming altar of Fedhas.
  7490 | D:6      | Found a sacrificial altar of Ru.
  7492 | D:6      | Found a radiant altar of Vehumet.
  7497 | D:6      | Found a burning altar of Makhleb.
  7546 | D:6      | Killed from afar by a white imp

Illustrated notes

Levels and vault maps discovered:
D:1:      mainiacjoe_arrival_reflecting_pool, layout_loops_ring
D:2:      minmay_alternating_diamond, layout_basic,
          shapermc_ecumenical_altar_notcrosses, minmay_cut_off
D:3:      layout_rooms, serial_co_window_serial, co_window_paths_b,
          co_window_paths_b, co_window_corner_a, co_window_corner_a,
          co_window_paths_b, co_window_corner_ca, co_window_corner_ca,
          co_window_corner_b, co_window_unsneaky_path_a, co_window_broadway_c,
          co_window_cross_2, co_window_4corner_b
D:4:      layout_cave_pools, serial_column_ruins, column_ruins_hut,
          column_ruins_hut_pillars, column_ruins_open_small,
          column_ruins_grid_4, column_ruins_grid_1, column_ruins_open_small,
          column_ruins_grid_1, column_ruins_open_large, nicolae_shop_fire_sale
          [nicolae_sub_dead_trees]
D:5:      layout_cave_pods, mainiacjoe_overflow_brackets, uniq_grinder
D:6:      kennysheep_housing_project, layout_cave_pools,
          nicolae_overflow_macrodata_refinement, uniq_crazy_yiuf_cottage

Skill      XL: |  1  2  3  4  5  6  7  8 |
---------------+-------------------------+-----
Spellcasting   | 3 4 5 6 |  6.9
Transmutations | 2 3 4 6 7 |  7.0
Poison Magic   | 4 5 6 7 |  7.2
Air Magic      | 2 3 |  3.2
Dodging        | |  2.6
Stealth        | |  3.0

Action                     |  1- 3 |  4- 6 |  7- 9 || total
---------------------------+-------+-------+-------++-------
  Melee: Dagger            |       |     2 |    37 ||    39
   Cast: Sting             |    85 |   127 |    82 ||   294
         Poisonous Vapours |       |       |    25 ||    25
    Use: Potion            |     1 |       |       ||     1
 Armour: Robe              |    11 |    24 |    36 ||    71
  Dodge: Dodged            |    33 |    62 |    54 ||   149

Table legend: (Time is in decaauts)
 A = Elapsed time spent in this place.
 B = Non-inter-level travel time spent in this place.
 C = Inter-level travel time spent in this place.
 D = Time resting spent in this place.
 E = Time spent auto-exploring this place.
 F = Levels seen in this place.
 G = Mean time per level.
                   A        B        C        D        E       F      G
               +--------+--------+--------+--------+--------+-----+--------+
         Total |   5871 |   5690 |    181 |    292 |   4385 |   6 |  978.5 |
       Dungeon |   5871 |   5690 |    181 |    292 |   4385 |   6 |  978.5 |
               +--------+--------+--------+--------+--------+-----+--------+

Top non-repeatable levels by time:
     D:5: 1396 daAuts
     D:2: 991 daAuts
     D:4: 989 daAuts
     D:3: 975 daAuts
     D:1: 958 daAuts
     D:6: 560 daAuts
